TOP OF THE 1ST |
Oceanside Swamp Foxes batting - Pitching for Grand Rapids Dutch Ovens : RHP Bob Peterson
|
Pitching: RHP Bob Peterson
|
|
Batting: RHB Michael Fisher
|
0-0: Ball 1-0: Called Strike 1-1: Foul Ball, location: 2F 1-2: Foul Ball, location: 2F 1-2: Foul Ball, location: 2F 1-2: Strikes out swinging
|
Batting: LHB Arlen Powers
|
0-0: Called Strike 0-1: Ball 1-1: Swinging Strike 1-2: Ground out 4-3 (Groundball, 34D)
|
Batting: LHB Clinton O'Brien
|
0-0: Called Strike 0-1: Ball 1-1: Foul Ball, location: 2F 1-2: Ground out 6-3 (Groundball, 56)
|
Top of the 1st over - 0 run(s), 0 hit(s), 0 error(s), 0 left on base; Oceanside 0 - Grand Rapids 0 |
BOTTOM OF THE 1ST |
Grand Rapids Dutch Ovens batting - Pitching for Oceanside Swamp Foxes : LHP Alfonso Guerra
|
Pitching: LHP Alfonso Guerra
|
|
Batting: LHB Lee Jenkins
|
0-0: Ball 1-0: Foul Ball, location: 2F 1-1: Swinging Strike 1-2: Foul Ball, location: 2F 1-2: Strikes out looking
|
Batting: SHB Víctor Torres
|
0-0: Ball 1-0: Foul Ball, location: 2F 1-1: Foul Ball, location: 2F 1-2: Strikes out swinging
|
Batting: RHB Tim Lee
|
0-0: Ball 1-0: Called Strike 1-1: Ball 2-1: Foul Ball, location: 2F 2-2: Ball 3-2: SINGLE (Groundball, 6D)
|
Batting: LHB Nick Weber
|
0-0: Called Strike 0-1: Called Strike 0-2: Strikes out swinging
|
Bottom of the 1st over - 0 run(s), 1 hit(s), 0 error(s), 1 left on base; Oceanside 0 - Grand Rapids 0 |
TOP OF THE 2ND |
Oceanside Swamp Foxes batting - Pitching for Grand Rapids Dutch Ovens : RHP Bob Peterson
|
Batting: RHB Nathan Smith
|
0-0: Ball 1-0: SINGLE (Groundball, 6MD)
|
Batting: LHB Gabriel Aguilera
|
0-0: Ball 1-0: Ball 2-0: Foul Ball, location: 2F 2-1: SINGLE (Flyball, 8RS) Nathan Smith to second
|
Batting: RHB Ed Nygaard
|
0-0: Ball 1-0: Foul Ball, location: 2F 1-1: Ball 2-1: Ball 3-1: Foul Ball, location: 2F 3-2: Foul Ball, location: 2F 3-2: Fly out, F9 (Flyball, 9S)
|
Batting: LHB Chris White
|
0-0: Ball 1-0: Called Strike 1-1: Fly out, F8 (Flyball, 8LS)
|
Batting: RHB Vernon Harris
|
0-0: Ball 1-0: 3-RUN HOME RUN (Flyball, 7D), Distance : 365 ft
|
Batting: RHB José López
|
0-0: Ball 1-0: Foul Ball, location: 2F 1-1: Foul Ball, location: 2F 1-2: Foul Ball, location: 2F 1-2: Strikes out swinging
|
Top of the 2nd over - 3 run(s), 3 hit(s), 0 error(s), 0 left on base; Oceanside 3 - Grand Rapids 0 |
BOTTOM OF THE 2ND |
Grand Rapids Dutch Ovens batting - Pitching for Oceanside Swamp Foxes : LHP Alfonso Guerra
|
Batting: RHB William Todd
|
0-0: Called Strike 0-1: Swinging Strike 0-2: Ground out 5-3 (Groundball, 5)
|
Batting: LHB Félix Costa
|
0-0: Ball 1-0: Foul Ball, location: 2F 1-1: Ball 2-1: Foul Ball, location: 2F 2-2: Ground out 4-3 (Groundball, 4)
|
Batting: RHB Kelsey Scott
|
0-0: Ball 1-0: Ball 2-0: Ball 3-0: Called Strike 3-1: Base on Balls
|
Batting: RHB Alec Goodman
|
0-0: Fly out, F9 (Flyball, 9S)
|
Bottom of the 2nd over - 0 run(s), 0 hit(s), 0 error(s), 1 left on base; Oceanside 3 - Grand Rapids 0 |
TOP OF THE 3RD |
Oceanside Swamp Foxes batting - Pitching for Grand Rapids Dutch Ovens : RHP Bob Peterson
|
Batting: RHB Michael Fisher
|
0-0: Ball 1-0: Called Strike 1-1: Foul Ball, location: 2F 1-2: SINGLE (Flyball, 78M) - OUT at second base trying to stretch hit.
|
Batting: LHB Arlen Powers
|
0-0: Foul Ball, location: 2F 0-1: Swinging Strike 0-2: Ball 1-2: Ball 2-2: Ball 3-2: Strikes out looking
|
Batting: LHB Clinton O'Brien
|
0-0: Called Strike 0-1: Foul Ball, location: 2F 0-2: Ball 1-2: Fly out, F3 (Popup, 3S)
|
Top of the 3rd over - 0 run(s), 1 hit(s), 0 error(s), 0 left on base; Oceanside 3 - Grand Rapids 0 |
BOTTOM OF THE 3RD |
Grand Rapids Dutch Ovens batting - Pitching for Oceanside Swamp Foxes : LHP Alfonso Guerra
|
Batting: RHB Takuro Okawa
|
0-0: Ball 1-0: SINGLE (Flyball, 78S)
|
Batting: LHB Lee Jenkins
|
0-0: Ground out U3 (Groundball, 34S) Takuro Okawa to second
|
Batting: SHB Víctor Torres
|
0-0: Called Strike 0-1: DOUBLE (Line Drive, 78D) Takuro Okawa scores
|
Batting: RHB Tim Lee
|
0-0: Swinging Strike 0-1: Ball 1-1: Foul Ball, location: 2F 1-2: Ball 2-2: Ball 3-2: Ground out 6-3 (Groundball, 6)
|
Batting: LHB Nick Weber
|
0-0: Called Strike 0-1: Called Strike 0-2: Ball 1-2: Foul Ball, location: 2F 1-2: Ball 2-2: Fly out, F7 (Flyball, 7)
|
Bottom of the 3rd over - 1 run(s), 2 hit(s), 0 error(s), 1 left on base; Oceanside 3 - Grand Rapids 1 |
TOP OF THE 4TH |
Oceanside Swamp Foxes batting - Pitching for Grand Rapids Dutch Ovens : RHP Bob Peterson
|
Batting: RHB Nathan Smith
|
0-0: Called Strike 0-1: Ground out 5-3 (Groundball, 56)
|
Batting: LHB Gabriel Aguilera
|
0-0: Called Strike 0-1: Hit by Pitch
|
Batting: RHB Ed Nygaard
|
0-0: Swinging Strike 0-1: Ball 1-1: Ball 2-1: Foul Ball, location: 2F 2-2: Strikes out swinging
|
Batting: LHB Chris White
|
0-0: Called Strike 0-1: Ball 1-1: Ball Gabriel Aguilera steals 2nd base 2-1: Ball 3-1: Ground out 4-3 (Groundball, 4)
|
Top of the 4th over - 0 run(s), 0 hit(s), 0 error(s), 1 left on base; Oceanside 3 - Grand Rapids 1 |
BOTTOM OF THE 4TH |
Grand Rapids Dutch Ovens batting - Pitching for Oceanside Swamp Foxes : LHP Alfonso Guerra
|
Batting: RHB William Todd
|
0-0: Called Strike 0-1: Ball 1-1: Swinging Strike 1-2: Ball 2-2: Reached on error, E6 (Groundball, 6)
|
Batting: LHB Félix Costa
|
0-0: Called Strike 0-1: Ball 1-1: Ball 2-1: Ball 3-1: Base on Balls William Todd to second
|
Batting: RHB Kelsey Scott
|
0-0: Ball 1-0: Ball 2-0: Ball 3-0: Base on Balls William Todd to third Félix Costa to second
|
Batting: RHB Alec Goodman
|
0-0: Ball 1-0: Ball 2-0: Called Strike 2-1: Ball 3-1: Swinging Strike 3-2: Strikes out swinging
|
Batting: RHB Takuro Okawa
|
0-0: Ball 1-0: Ball 2-0: Ball 3-0: Called Strike 3-1: Foul Ball, location: 2F 3-2: Strikes out swinging
|
Batting: LHB Lee Jenkins
|
0-0: Called Strike 0-1: Ball Wild Pitch! William Todd scores Félix Costa to third Kelsey Scott to second 1-1: SINGLE (Flyball, 7S) Félix Costa scores Kelsey Scott to third Runner from 3rd tries for Home, throw and OUT!
|
Bottom of the 4th over - 2 run(s), 1 hit(s), 1 error(s), 1 left on base; Oceanside 3 - Grand Rapids 3 |
TOP OF THE 5TH |
Oceanside Swamp Foxes batting - Pitching for Grand Rapids Dutch Ovens : RHP Bob Peterson
|
Batting: RHB Vernon Harris
|
0-0: Ball 1-0: Ball 2-0: Foul Ball, location: 2F 2-1: Foul Ball, location: 2F 2-2: Ball 3-2: SINGLE (Line Drive, 8LS)
|
Batting: RHB José López
|
0-0: Ball 1-0: Ball 2-0: Ball 3-0: Called Strike 3-1: Base on Balls Vernon Harris to second
|
Batting: RHB Michael Fisher
|
0-0: Ball 1-0: Ball 2-0: Called Strike 2-1: Ball 3-1: 3-RUN HOME RUN (Line Drive, 7LD), Distance : 362 ft
|
Pitching: LHP Sancho Espinoza
|
|
Batting: LHB Arlen Powers
|
0-0: Called Strike 0-1: Called Strike 0-2: Strikes out swinging
|
Batting: LHB Clinton O'Brien
|
0-0: Ball 1-0: Called Strike 1-1: Swinging Strike 1-2: Foul Ball, location: 2F 1-2: Strikes out looking
|
Batting: RHB Nathan Smith
|
0-0: Called Strike 0-1: Ball 1-1: Ball 2-1: Fly out, F3 (Line Drive, 34)
|
Top of the 5th over - 3 run(s), 2 hit(s), 0 error(s), 0 left on base; Oceanside 6 - Grand Rapids 3 |
BOTTOM OF THE 5TH |
Grand Rapids Dutch Ovens batting - Pitching for Oceanside Swamp Foxes : LHP Alfonso Guerra
|
Batting: SHB Víctor Torres
|
0-0: SINGLE (Line Drive, 56)
|
Batting: RHB Tim Lee
|
0-0: SINGLE (Line Drive, 4D) Víctor Torres to second Runner from 2nd tries for 3rd, OUT! Tim Lee to second
|
Pitching: LHP Reynaldo Vázquez
|
|
Batting: LHB Nick Weber
|
0-0: Swinging Strike 0-1: Foul Ball, location: 2F 0-2: Foul Ball, location: 2F 0-2: Foul Ball, location: 2F 0-2: Ball 1-2: Foul Ball, location: 2F 1-2: Fly out, F9 (Flyball, 9)
|
Batting: RHB William Todd
|
0-0: Called Strike 0-1: Foul Ball, location: 2F 0-2: Ground out 5-3 (Groundball, 56S)
|
Bottom of the 5th over - 0 run(s), 2 hit(s), 0 error(s), 1 left on base; Oceanside 6 - Grand Rapids 3 |
TOP OF THE 6TH |
Oceanside Swamp Foxes batting - Pitching for Grand Rapids Dutch Ovens : LHP Sancho Espinoza
|
Batting: LHB Gabriel Aguilera
|
0-0: SINGLE (Flyball, 7S)
|
Batting: RHB Ed Nygaard
|
0-0: Called Strike 0-1: Called Strike 0-2: Strikes out swinging
|
Batting: LHB Chris White
|
0-0: Called Strike 0-1: Called Strike 0-2: Ball 1-2: Foul Ball, location: 2F 1-2: 2-RUN HOME RUN (Flyball, 8RXD), Distance : 444 ft
|
Pitching: RHP Gustavo Cháves
|
|
Batting: RHB Vernon Harris
|
0-0: Ball 1-0: Called Strike 1-1: Called Strike 1-2: Foul Ball, location: 2F 1-2: Ball 2-2: Strikes out looking
|
Batting: RHB José López
|
0-0: Called Strike 0-1: Fly out, F9 (Flyball, 9LS)
|
Top of the 6th over - 2 run(s), 2 hit(s), 0 error(s), 0 left on base; Oceanside 8 - Grand Rapids 3 |
BOTTOM OF THE 6TH |
Grand Rapids Dutch Ovens batting - Pitching for Oceanside Swamp Foxes : LHP Reynaldo Vázquez
|
Batting: LHB Félix Costa
|
0-0: Ball 1-0: Called Strike 1-1: Foul Ball, location: 2F 1-2: Ball 2-2: Ball 3-2: Ground out U3 (Groundball, 3L)
|
Batting: RHB Kelsey Scott
|
0-0: Called Strike 0-1: Ball 1-1: Swinging Strike 1-2: Strikes out swinging
|
Batting: RHB Alec Goodman
|
0-0: Ball 1-0: Foul Ball, location: 2F 1-1: Ball 2-1: Foul Ball, location: 2F 2-2: Strikes out looking
|
Bottom of the 6th over - 0 run(s), 0 hit(s), 0 error(s), 0 left on base; Oceanside 8 - Grand Rapids 3 |
TOP OF THE 7TH |
Oceanside Swamp Foxes batting - Pitching for Grand Rapids Dutch Ovens : RHP Gustavo Cháves
|
Batting: RHB Michael Fisher
|
0-0: Ball 1-0: Ball 2-0: Called Strike 2-1: Ball 3-1: Fly out, F5 (Line Drive, 5L)
|
Batting: LHB Arlen Powers
|
0-0: Called Strike 0-1: Ball 1-1: Foul Ball, location: 2F 1-2: SINGLE (Groundball, 34) (infield hit)
|
Batting: LHB Clinton O'Brien
|
0-0: Called Strike 0-1: Ball 1-1: SINGLE (Flyball, 7LS) Arlen Powers to second
|
Batting: RHB Nathan Smith
|
0-0: Ball 1-0: SINGLE (Line Drive, 4D) Arlen Powers to third Clinton O'Brien to second Runner from 3rd tries for Home, SAFE, throw made at trailing runner, SAFE at third!
|
Batting: LHB Gabriel Aguilera
|
0-0: Reached on error, E4 (Groundball, 4) Clinton O'Brien scores Nathan Smith to second
|
Batting: RHB Ed Nygaard
|
0-0: Foul Ball, location: 2F 0-1: Foul Ball, location: 2F 0-2: Strikes out looking
|
Batting: LHB Chris White
|
0-0: Called Strike 0-1: Fielders Choice at 2nd, 4-6 (Groundball, 4)
|
Top of the 7th over - 2 run(s), 3 hit(s), 1 error(s), 1 left on base; Oceanside 10 - Grand Rapids 3 |
BOTTOM OF THE 7TH |
Grand Rapids Dutch Ovens batting - Pitching for Oceanside Swamp Foxes : LHP Reynaldo Vázquez
|
Batting: RHB Takuro Okawa
|
0-0: Swinging Strike 0-1: Foul Ball, location: 2F 0-2: Fly out, F8 (Line Drive, 8LM)
|
Batting: LHB Lee Jenkins
|
0-0: Called Strike 0-1: Ball 1-1: Ball 2-1: Ground out 6-3 (Groundball, 6)
|
Batting: SHB Víctor Torres
|
0-0: Foul Ball, location: 2F 0-1: Called Strike 0-2: Foul Ball, location: 2F 0-2: Foul Ball, location: 2F 0-2: Foul Ball, location: 2F 0-2: Hit by Pitch
|
Batting: RHB Tim Lee
|
0-0: Called Strike 0-1: Fielders Choice at 2nd, 6-4 (Groundball, 6)
|
Bottom of the 7th over - 0 run(s), 0 hit(s), 0 error(s), 0 left on base; Oceanside 10 - Grand Rapids 3 |
TOP OF THE 8TH |
Oceanside Swamp Foxes batting - Pitching for Grand Rapids Dutch Ovens : RHP Gustavo Cháves
|
Batting: RHB Vernon Harris
|
0-0: Ball 1-0: Foul Ball, location: 2F 1-1: SOLO HOME RUN (Flyball, 7D), Distance : 387 ft
|
Batting: RHB José López
|
0-0: Reached on error, E5 (Popup, 5D)
|
Batting: RHB Michael Fisher
|
0-0: Foul Ball, location: 2F 0-1: Ball 1-1: Ball 2-1: Grounds into double play, 6-4-3 (Groundball, 56)
|
Batting: LHB Arlen Powers
|
0-0: Swinging Strike 0-1: Fly out, F9 (Flyball, 9LSF)
|
Top of the 8th over - 1 run(s), 1 hit(s), 1 error(s), 0 left on base; Oceanside 11 - Grand Rapids 3 |
BOTTOM OF THE 8TH |
Grand Rapids Dutch Ovens batting - Pitching for Oceanside Swamp Foxes : LHP Reynaldo Vázquez
|
Batting: LHB Nick Weber
|
0-0: Ground out 6-3 (Groundball, 6)
|
Batting: RHB William Todd
|
0-0: Ball 1-0: Called Strike 1-1: Swinging Strike 1-2: Ball 2-2: Strikes out swinging
|
Batting: LHB Félix Costa
|
0-0: Ball 1-0: Ball 2-0: Foul Ball, location: 2F 2-1: Foul Ball, location: 2F 2-2: Ball 3-2: Ground out 3-1 (Groundball, 34S)
|
Bottom of the 8th over - 0 run(s), 0 hit(s), 0 error(s), 0 left on base; Oceanside 11 - Grand Rapids 3 |
TOP OF THE 9TH |
Oceanside Swamp Foxes batting - Pitching for Grand Rapids Dutch Ovens : RHP Gustavo Cháves
|
Batting: LHB Clinton O'Brien
|
0-0: Ball 1-0: Foul Ball, location: 2F 1-1: Foul Ball, location: 2F 1-2: Fly out, F7 (Flyball, 7LSF)
|
Batting: RHB Nathan Smith
|
0-0: Called Strike 0-1: Ball 1-1: Foul Ball, location: 2F 1-2: Ball 2-2: Ball 3-2: Strikes out looking
|
Batting: LHB Gabriel Aguilera
|
0-0: Swinging Strike 0-1: Swinging Strike 0-2: Strikes out swinging
|
Top of the 9th over - 0 run(s), 0 hit(s), 0 error(s), 0 left on base; Oceanside 11 - Grand Rapids 3 |
BOTTOM OF THE 9TH |
Grand Rapids Dutch Ovens batting - Pitching for Oceanside Swamp Foxes : LHP Reynaldo Vázquez
|
Now in CF: Dale Winters
|
|
Batting: RHB Kelsey Scott
|
0-0: Ball 1-0: Foul Ball, location: 2F 1-1: Swinging Strike 1-2: Ball 2-2: Foul Ball, location: 2F 2-2: Ground out 6-3 (Groundball, 6)
|
Batting: RHB Alec Goodman
|
0-0: Ball 1-0: Fly out, F3 (Popup, 3L)
|
Batting: RHB Takuro Okawa
|
0-0: Swinging Strike 0-1: Swinging Strike 0-2: Fly out, F9 (Flyball, 89S)
|
Bottom of the 9th over - 0 run(s), 0 hit(s), 0 error(s), 0 left on base; Oceanside 11 - Grand Rapids 3 |
|